 Dungeon Crawl Stone Soup version 0.25.1-8-g42b30a86e7 (webtiles) character file.

Game seed: 3424326309394029619

23287 Rocangus51 the Fighter (level 12, -11/128 HPs)
             Began as a Troll Fighter on Sept 12, 2020.
             Was a High Priest of Wu Jian.
             Mangled by a +1 glaive of venom (12 damage)
             ... on level 1 of the Elven Halls on Dec 10, 2020.
             The game lasted 02:15:35 (12471 turns).

Rocangus51 the Fighter (Troll Fighter)             Turns: 12471, Time: 02:15:36

Health: -11/128    AC:  7    Str: 31    XL:     12   Next: 70%
Magic:  11/11      EV: 12    Int:  4    God:    Wu Jian [*****.]
Gold:   983        SH: 18    Dex:  9    Spells: 11/11 levels left

rFire    + . .     SeeInvis .     - Unarmed
rCold    + . .     Gourm    +   b - +2 kite shield
rNeg     . . .     Faith    .   w - +1 robe of Conscience {rF+ rC+ Slay+3}
rPois    .         Spirit   .   (helmet restricted)
rElec    .         Reflect  +   (no cloak)
rCorr    .         Harm     .   (gloves unavailable)
MR       .....                  (boots unavailable)
Stlth    ++........             s - amulet of reflection
HPRegen  0.71/turn              h - ring of stealth
MPRegen  0.12/turn              q - ring of flight

@: lethally poisoned (-11 -> -12)
A: large, unfitting armour, claws 3, fast metabolism 3, gourmand, regeneration
1, shaggy fur 1, tough skin 3
a: Wall Jump, Serpent's Lash, Heavenly Storm, Renounce Religion, Evoke Flight


You were on level 1 of the Elven Halls.
You worshipped Wu Jian.
Wu Jian was extremely pleased with you.
You were completely stuffed.

You visited 4 branches of the dungeon, and saw 15 of its levels.

You collected 1454 gold pieces.
You spent 471 gold pieces at shops.

Inventory:

Hand Weapons
 g - a cursed +1 short sword
Missiles
 m - 209 stones
 v - 17 boomerangs
 y - 4 javelins (quivered)
Armour
 a - a +0 robe
 b - a +2 kite shield (worn)
 u - +0 acid dragon scales
 w - the +1 robe of Conscience (worn) {rF+ rC+ Slay+3}
   (You bought it in a shop on level 6 of the Dungeon)

   It affects your accuracy and damage with ranged weapons and melee attacks
   (+3).
   It protects you from fire.
   It protects you from cold.
 A - the +1 robe of a wizard's laboratory {rElec rCorr Int-2 Dex-5}
   (You bought it in a shop on level 2 of the Orcish Mines)

   It affects your intelligence (-2).
   It affects your dexterity (-5).
   It insulates you from electricity.
   It provides partial protection from all sources of acid and corrosion.
 B - the +2 robe of Death Resistance {rN++ rCorr Int-5}
   (You found it on level 9 of the Dungeon)

   It affects your intelligence (-5).
   It greatly protects you from negative energy.
   It provides partial protection from all sources of acid and corrosion.
Jewellery
 h - a ring of stealth (left claw)
 q - a ring of flight (right claw)
 r - an uncursed amulet of faith
 s - an amulet of reflection (around neck)
Wands
 z - a wand of enslavement (22)
 F - a wand of random effects (23)
 K - a wand of polymorph (5)
 L - a wand of acid (4)
Scrolls
 e - 5 scrolls of teleportation
 k - 10 scrolls of remove curse
 o - 3 scrolls of magic mapping
 x - 2 scrolls of enchant armour
 D - a scroll of fear
 M - a scroll of fog
Potions
 c - 3 potions of might
 f - 2 potions of brilliance
 i - 4 potions of curing
 j - 2 potions of lignification
 l - a potion of magic
 n - 3 potions of heal wounds
 p - a potion of invisibility
 t - a potion of haste
 G - a potion of cancellation
 H - a potion of flight
 I - a potion of stabbing
Comestibles
 d - 27 rations
 C - 3 chunks of flesh


   Skills:
 * Level 10.9 Fighting
 + Level 7.4 Armour
 + Level 7.8 Dodging
 + Level 7.8 Shields
 + Level 9.1 Unarmed Combat


You had 11 spell levels left.
You didn't know any spells.
Your spell library contained the following spells:

 Spells                   Type           Power        Failure   Level  Hunger
 Animate Skeleton         Necr           N/A          58%         1    ##.....
 Apportation              Tloc           #.....       58%         1    ##.....
 Corona                   Hex            #......      58%         1    ##.....
 Foxfire                  Conj/Fire      #...         58%         1    ##.....
 Freeze                   Ice            #...         58%         1    ##.....
 Infusion                 Chrm           #...         58%         1    ##.....
 Shock                    Conj/Air       #...         58%         1    ##.....
 Summon Small Mammal      Summ           #...         58%         1    ##.....
 Shroud of Golubria       Chrm/Tloc      #.....       73%         2    ###....
 Song of Slaying          Chrm           #.......     73%         2    ###....
 Swiftness                Chrm/Air       #.......     73%         2    ###....
 Conjure Flame            Conj/Fire      #.......     91%         3    ####...
 Inner Flame              Hex/Fire       #.......     91%         3    ####...
 Ozocubu's Armour         Chrm/Ice       #.......     91%         3    ####...
 Spectral Weapon          Hex/Chrm       #.......     91%         3    ####...
 Static Discharge         Conj/Air       #.......     91%         3    ####...
 Airstrike                Air            #.........   100%        4    #####..
 Sticky Flame             Conj/Fire      #.......     100%        4    #####..
 Fireball                 Conj/Fire      #.........   100%        5    ######.
 Lightning Bolt           Conj/Air       #.........   100%        5    ######.
 Metabolic Englaciation   Hex/Ice        #.........   100%        5    ######.
 Starburst                Conj/Fire      #.........   100%        6    #######
 Ring of Flames           Chrm/Fire      #.........   100%        7    #######


Dungeon Overview and Level Annotations

Branches:
Dungeon (11/15)            Temple (1/1) D:5            Lair (0/6) D:10
    Orc (2/2) D:11            Elf (1/3) Orc:2

Altars:
Ashenzari
Cheibriados
Dithmenos
Elyvilon
Fedhas
Gozag
Hepliaklqana
Kikubaaqudgha
Makhleb
Nemelex Xobeh
Okawaru
Qazlal
Ru
Sif Muna
Trog
Uskayaw
Vehumet
Wu Jian
Xom
Yredelemnul
Zin
The Shining One
Beogh

Shops:
D:6 %[=!   D:9 %*%   Orc:1 %   Orc:2 [:?!(


Innate Abilities, Weirdness & Mutations

You are too large for most types of armour.
You have claws for hands.
Your metabolism is lightning-fast.
You like to eat raw meat.
Your natural rate of healing is unusually fast.
You are covered in fur. (AC +1)
You have extremely tough skin. (AC +3)


Message History

The deep elf mage mumbles some strange words.
The deep elf mage gestures wildly while chanting.
The deep elf mage blinks!
A deep elf knight comes into view. It is wielding a +0 long sword.
A deep elf archer comes into view. It is wielding a +0 dagger.
A deep elf mage comes into view. It is wielding a +0 long sword.
The deep elf mage casts a spell.
The deep elf mage blinks!
You block the deep elf knight's attack.
You barely miss the deep elf knight.
You feel sick.
You block the +1 glaive of venom's attack.
The deep elf mage points at you and mumbles some strange words.
The stone arrow hits you!!
* * * LOW HITPOINT WARNING * * *
You closely miss the deep elf knight.
A deep elf mage comes into view. It is wielding a +0 rapier.
The deep elf mage barely misses you.
The deep elf knight hits you with a +0 long sword!
* * * LOW HITPOINT WARNING * * *
The +1 glaive of venom hits you from afar!
You die...

#.# #.......# ##...## ### #.#
#.......## ##E....## #.###.#
#.......e# ##.......##
...##.###.......#.###E........#
...>...........###e1e...>.....+
...##.#######.## ##e#.........#
..###.# ##.###(###.......##
.####.# ##.#e## ##.....##
.#..... ##@## ##...## .#.##..
#e# ##+## ##.##..#


.ee .....# #..## .. #.e# .. #..# #... #.## You could see an Executioner
(summoned, fast), a deep elf demonologist, 2 deep elf archers, a deep elf
knight, 2 earth elementals, 3 deep elf magi and a +1 glaive of venom.

Vanquished Creatures
  An ettin (Orc:2)
  Erolcha (D:10)
  A two-headed ogre (D:11)
  A dancing weapon (Elf:1)
  4 ogre magi (Orc:2)
  An orc high priest (Orc:1)
  A wizard (D:10)
  8 deep elf magi (Elf:1)
  7 orc sorcerers (Orc:2)
  Maurice (D:11)
  A centaur zombie (D:11)
  Psyche (D:10)
  Maggie (D:6)
  2 trolls
  5 hippogriffs
  A spriggan (D:7)
  2 wyverns (D:10)
  2 water elementals (D:11)
  A steam dragon (D:10)
  The ghost of grovkorv the Magician, an amateur HuWz (D:4)
  Menkaure (D:6)
  2 wargs
  17 orc warriors
  2 sky beasts (D:10)
  A black bear (D:6)
  6 ice beasts
  An eye of draining (D:9)
  3 phantoms
  4 centaurs
  10 ogres
  2 crocodiles (D:10)
  A big kobold (D:7)
  6 bullfrogs
  An earth elemental (Elf:1)
  2 scorpions
  6 killer bees
  2 electric eels (D:11)
  6 howler monkeys
  3 crimson imps
  12 orc priests
  5 hounds
  A jelly (D:6)
  2 bullfrog zombies
  25 orc wizards
  3 bullfrog skeletons
  2 iguanas (D:8)
  8 worker ants
  2 hound zombies
  2 hound skeletons
  8 adders
  4 gnolls (D:8)
  2 shadow imps (D:11)
  4 oozes
  2 adder skeletons
  2 worms
  4 dart slugs
  3 leopard geckos
  58 orcs
  A ball python (D:1)
  2 giant cockroaches
  8 goblins
  4 hobgoblins
  18 jackals
  5 quokkas
  8 bats
  5 frilled lizards
  A jackal zombie (D:5)
  10 kobolds
  A quokka zombie (D:8)
  5 rats
  A fungus (Orc:2)
337 creatures vanquished.

Vanquished Creatures (others)
  A plant (D:11)
1 creature vanquished.

Grand Total: 338 creatures vanquished

Notes
Turn   | Place    | Note
-------+----------+-------------------------------------------
     0 | D:1      | Rocangus51 the Troll Fighter began the quest for the Orb.
     0 | D:1      | Reached XP level 1. HP: 22/22 MP: 0/0
    85 | D:1      | Reached XP level 2. HP: 29/29 MP: 1/1
   280 | D:1      | Reached XP level 3. HP: 35/36 MP: 2/2
   757 | D:2      | Reached skill level 3 in Fighting
   757 | D:2      | Reached XP level 4. HP: 37/45 MP: 3/3
   920 | D:2      | Reached skill level 1 in Armour
  1784 | D:3      | Reached XP level 5. HP: 53/53 MP: 4/4
  2233 | D:4      | Noticed grovkorv's ghost (amateur HuWz)
  2239 | D:4      | Found a runed translucent door.
  2288 | D:4      | Killed grovkorv's ghost
  2288 | D:4      | Reached skill level 4 in Fighting
  2288 | D:4      | Reached XP level 6. HP: 56/62 MP: 5/5
  2551 | D:4      | Reached XP level 7. HP: 71/71 MP: 6/6
  2761 | D:4      | Noticed a hippogriff
  2771 | D:4      | Killed a hippogriff
  2840 | D:4      | Reached skill level 5 in Fighting
  2990 | D:5      | Entered Level 5 of the Dungeon
  3244 | D:5      | Found a staircase to the Ecumenical Temple.
  3260 | Temple   | Entered the Ecumenical Temple
  3348 | Temple   | Became a worshipper of the Wu Jian Council
  3747 | D:6      | Reached XP level 8. HP: 67/80 MP: 7/7
  3970 | D:6      | Found a stormy altar of Qazlal.
  3971 | D:6      | Found a glowing silver altar of Zin.
  3973 | D:6      | Found a burning altar of Makhleb.
  3975 | D:6      | Found a bloodstained altar of Trog.
  3977 | D:6      | Found a sacrificial altar of Ru.
  4055 | D:6      | Noticed Maggie
  4069 | D:6      | Reached * piety under Wu Jian
  4071 | D:6      | Reached skill level 6 in Fighting
  4227 | D:6      | Noticed Menkaure
  4238 | D:6      | Reached skill level 5 in Unarmed Combat
  4241 | D:6      | Killed Menkaure
  4243 | D:6      | Killed Maggie
  4243 | D:6      | Reached XP level 9. HP: 42/89 MP: 8/8
  4359 | D:6      | Found Agig's Jewellery Emporium.
  4362 | D:6      | Found Piloigye's Distillery.
  4370 | D:6      | Bought a potion of might for 56 gold pieces
  4370 | D:6      | Bought a potion of heal wounds for 70 gold pieces
  4401 | D:6      | Found Amolluko's Antique Armour Shoppe.
  4405 | D:6      | Bought a warped robe for 142 gold pieces
  4415 | D:6      | Identified the cursed +1 robe of Conscience {rF+ rC+
                  | Slay+3} (You bought it in a shop on level 6 of the Dungeon)
  4463 | D:6      | Found Irye's Food Shoppe.
  5246 | D:7      | Found a shattered altar of Ashenzari.
  5273 | D:7      | Reached ** piety under Wu Jian
  5330 | D:7      | Reached skill level 5 in Dodging
  5474 | D:7      | Reached skill level 7 in Fighting
  5474 | D:7      | Reached skill level 5 in Shields
  5827 | D:8      | Upgraded the game from 0.25.1-2-g60ff931df9 to
                  | 0.25.1-8-g42b30a86e7
  6254 | D:8      | Reached XP level 10. HP: 102/102 MP: 9/9
  6764 | D:9      | Found Etum's Food Boutique.
  6765 | D:9      | Found a hazy altar of Hepliaklqana.
  6765 | D:9      | Found a shadowy altar of Dithmenos.
  6768 | D:9      | Got an opalescent robe
  6786 | D:9      | Identified the +2 robe of Death Resistance {rN++ rCorr
                  | Int-5} (You found it on level 9 of the Dungeon)
  6786 | D:9      | Lost intelligence.
  6833 | D:9      | Reached skill level 5 in Armour
  6879 | D:9      | Found Arixyi's Food Shoppe.
  6906 | D:9      | Found Yweagyir's General Store.
  6970 | D:10     | Entered Level 10 of the Dungeon
  6981 | D:9      | Reached *** piety under Wu Jian
  7166 | D:10     | Noticed a wizard
  7180 | D:10     | Reached skill level 8 in Fighting
  7184 | D:10     | Killed a wizard
  7241 | D:10     | Identified the Tome of Cold and Ignition
  7505 | D:10     | Noticed Erolcha
  7512 | D:10     | Killed Erolcha
  7797 | D:10     | Found a staircase to the Lair.
  7848 | D:10     | Noticed Psyche
  7858 | D:10     | Killed Psyche
  7858 | D:10     | Reached XP level 11. HP: 113/113 MP: 10/10
  8463 | D:11     | Reached skill level 9 in Fighting
  8516 | D:11     | Noticed Maurice
  8688 | D:11     | Killed Maurice
  8863 | D:11     | Reached **** piety under Wu Jian
  9066 | D:11     | Found a staircase to the Orcish Mines.
  9508 | Orc:1    | Entered Level 1 of the Orcish Mines
  9508 | Orc:1    | Noticed a two-headed ogre
  9520 | D:11     | Killed a two-headed ogre
  9609 | Orc:1    | Found a roughly hewn altar of Beogh.
  9901 | Orc:1    | Found Zaojog's Food Boutique.
 10103 | Orc:2    | Entered Level 2 of the Orcish Mines
 10107 | Orc:2    | Noticed an orc high priest
 10126 | Orc:2    | Noticed a sixfirhy
 10135 | Orc:1    | Killed an orc high priest
 10236 | Orc:2    | Found a staircase to the Elven Halls.
 10238 | Orc:2    | Noticed an ettin
 10244 | Orc:2    | Killed an ettin
 10353 | Orc:2    | Found Ulauwn's Weapon Shoppe.
 11012 | Orc:2    | Noticed an ogre mage
 11015 | Orc:2    | Found Jihipur's Distillery.
 11015 | Orc:2    | Noticed an orc sorcerer
 11029 | Orc:2    | Noticed an ogre mage
 11033 | Orc:2    | Killed an orc sorcerer
 11043 | Orc:2    | Killed an ogre mage
 11114 | Orc:2    | Killed an ogre mage
 11114 | Orc:2    | Reached skill level 10 in Fighting
 11114 | Orc:2    | Reached XP level 12. HP: 96/126 MP: 11/11
 11217 | Orc:2    | Found a radiant altar of Vehumet.
 11217 | Orc:2    | Noticed an ogre mage
 11217 | Orc:2    | Noticed an ogre mage
 11224 | Orc:2    | Killed an ogre mage
 11236 | Orc:2    | Reached ***** piety under Wu Jian
 11242 | Orc:2    | Killed an ogre mage
 11249 | Orc:2    | Found Esalet's Magic Scroll Boutique.
 11429 | Orc:2    | Found a roughly hewn altar of Beogh.
 11430 | Orc:2    | Found Ruuteq's Book Boutique.
 11446 | Orc:2    | Paralysed by an orc sorcerer for 4 turns
 11457 | Orc:2    | Paralysed by an orc sorcerer for 4 turns
 11475 | Orc:2    | Found an ancient bone altar of Kikubaaqudgha.
 11682 | Orc:2    | Bought a scroll of teleportation for 42 gold pieces
 11682 | Orc:2    | Bought a scroll of teleportation for 42 gold pieces
 11685 | Orc:2    | Paralysed by an orc sorcerer for 2 turns
 11697 | Orc:2    | Paralysed by an orc sorcerer for 7 turns
 11814 | Orc:2    | Found Aptidim's Antique Armour Shop.
 11825 | Orc:2    | Bought a slimy robe for 119 gold pieces
 11835 | Orc:2    | Identified the +1 robe of a wizard's laboratory {rElec
                  | rCorr Int-2 Dex-5} (You bought it in a shop on level 2 of
                  | the Orcish Mines)
 12129 | Elf:1    | Entered Level 1 of the Elven Halls
 12239 | Elf:1    | Found a shimmering blue altar of Sif Muna.
 12463 | Elf:1    | Noticed a deep elf demonologist
 12467 | Elf:1    | Noticed an Executioner
 12471 | Elf:1    | HP: 1/128 [deep elf knight/+0 long sword (13)]
 12471 | Elf:1    | Mangled by a +1 glaive of venom

Illustrated notes

Levels and vault maps discovered:
D:1:      minmay_arrival_semitransparent, layout_rooms
D:2:      layout_loops_corners, first_ration
D:3:      layout_basic
D:4:      minmay_chambers_of_twos, layout_loops_ring,
          hellmonk_ghost_happy_afterlife, minmay_misc_feat_plants
D:5:      layout_gridville, minmay_temple_entry_glass, kennysheep_generic_room_4
D:6:      layout_basic, grunt_temple_overflow_open, serial_shops, shop, shop,
          shop, kennysheep_little_box, uniq_maggie, uniq_menkaure
D:7:      layout_basic, kennysheep_mini, serial_corexii_hall,
          corexii_hall_statues_i, corexii_hall_statues_u,
          corexii_hall_statues_deadend, the_bakery, interstate_on_off,
          hangedman_decor_riveting
D:8:      cheibrodos_quashed, layout_loops_ring, serial_aquarium,
          aquarium_bridge_square [aquarium_subvault_bridge,
          aquarium_subvault_bridge, aquarium_subvault_wall,
          aquarium_subvault_balcony], aquarium_bridge_long_joined
          [aquarium_subvault_balcony, aquarium_subvault_bridge,
          aquarium_subvault_balcony, aquarium_subvault_window,
          aquarium_subvault_window, aquarium_subvault_wall],
          aquarium_window_fake, aquarium_window_1, aquarium_window_2,
          aquarium_view_2e, aquarium_balcony_5b, small_statue_intersection,
          chequers_serial_rivers_micro_b
D:9:      layout_basic, riverfiend_overflow_shadow_ancestor, serial_shops, shop,
          nicolae_shop_behind_doors, shop, nicolae_shop_trees
D:10:     cheibrodos_wizards_tower, layout_irregular_city, erik_lair_dragon,
          minmay_misc_feat_more_columns, uniq_psyche, uniq_erolcha
D:11:     layout_basic, david_orc_2, serial_bayou, serial_bayou_pond_d,
          serial_bayou_lake_a, serial_bayou_pond_d, serial_bayou_ford_a,
          minmay_holes, uniq_maurice
Temple:   jpeg_temple_clearing
Orc:1:    layout_caves, serial_shops, shop, basic_altar
Orc:2:    kennysheep_orc_mage_school, layout_diamond_mine, serial_shops, shop,
          nicolae_orc_damp_corner
Elf:1:    eino_elf_arrival_customs, layout_loops_corners, serial_shops, shop,
          shop, hangedman_elf_represent, hangedman_feature_mirror

Skill      XL: |  1  2  3  4  5  6  7  8  9 10 11 12 |
---------------+-------------------------------------+-----
Fighting       | 3 4 5 6 7 8 10 | 10.9
Armour         | 1 2 3 4 5 6 7 |  7.4
Shields        | 3 4 5 6 7 |  7.8
Dodging        | 3 4 5 6 7 |  7.8
Unarmed Combat | 3 4 5 6 7 8 9 |  9.1

Action                   |  1- 3 |  4- 6 |  7- 9 | 10-12 || total
-------------------------+-------+-------+-------+-------++-------
Melee: Unarmed           |   114 |   139 |   305 |   649 ||  1207
Throw: Stone             |       |     7 |    17 |       ||    24
       Javelin           |       |    11 |    30 |       ||    41
Invok: Lunge             |       |       |    18 |    73 ||    91
       Whirlwind         |       |       |    52 |   323 ||   375
 Abil: Wall Jump         |       |       |    10 |    16 ||    26
Evoke: Wand              |       |       |       |     3 ||     3
  Use: Scroll            |     5 |     6 |     6 |    16 ||    33
       Potion            |       |       |     3 |     6 ||     9
 Stab: Sleeping          |     1 |     5 |     2 |     3 ||    11
       Distracted        |       |       |       |     2 ||     2
  Eat: Chunk             |    13 |    16 |    35 |    52 ||   116
       Ration            |       |       |       |     2 ||     2
Armor: Robe              |    35 |    40 |    52 |    52 ||   179
       Skin              |       |       |       |     1 ||     1
Dodge: Dodged            |    34 |    38 |    70 |   106 ||   248
Block: Kite shield       |    47 |    74 |   216 |   359 ||   696
       Reflection        |       |       |     7 |    20 ||    27
